 Dungeon Crawl Stone Soup version 0.20-a0-1063-gb8e8b7e (webtiles) character file.

695 AlphabetPasta the Firebug (level 7, 0/41 HPs)
             Began as a Halfling Fire Elementalist on Apr 27, 2017.
             Was an Initiate of Sif Muna.
             Killed by nerve-wracking pain
             ... invoked by a shadow imp
              (3 damage)
             ... on level 5 of the Dungeon on Apr 28, 2017.
             The game lasted 00:25:43 (5118 turns).

AlphabetPasta the Firebug (HaFE)                    Turns: 5118, Time: 00:25:44

Health: 0/41       AC:  3    Str: 12    XL:     7   Next: 96%
Magic:  1/13       EV: 15    Int: 20    God:    Sif Muna [......]
Gold:   211        SH:  0    Dex: 15    Spells: 3/14 levels left

rFire    . . .     SeeInvis .   q - +6 dagger (venom)
rCold    . . .     Gourm    .   (shield restricted)
rNeg     . . .     Faith    .   a - +1 robe
rPois    .         Spirit   .   (no helmet)
rElec    .         Reflect  .   (no cloak)
rCorr    .         Harm     .   (no gloves)
MR       .....                  (no boots)
Stlth    ++........             t - amulet of rage
Regen    0.2/turn               d - +3 ring of strength
MPRegen  0.2/turn               r - ring of wizardry

@: brilliant, very slightly contaminated
A: mutation resistance 1
a: Renounce Religion, Evoke Berserk Rage


You were on level 5 of the Dungeon.
You worshipped Sif Muna.
Sif Muna was noncommittal.
You were near starving.

You visited 2 branches of the dungeon, and saw 6 of its levels.

You collected 211 gold pieces.

Inventory:

Hand Weapons
 q - a +6 dagger of venom (weapon)
Armour
 a - a +1 robe (worn)
Jewellery
 d - a +3 ring of strength (left hand)
 i - an uncursed ring of positive energy
 m - an uncursed ring of ice
 r - a ring of wizardry (right hand)
 t - an amulet of rage (around neck)
Wands
 e - a wand of confusion (28/48)
 s - a wand of random effects (48/48)
Scrolls
 o - 7 scrolls of teleportation
 w - a scroll of remove curse
Potions
 c - 2 potions of haste
 h - a potion of might
 k - a potion of flight
 n - a potion of ambrosia {unknown}
 u - a potion of lignification {unknown}
Books
 b - a book of Flames

   Spells                             Type                      Level
   a - Flame Tongue                   Conjuration/Fire             1
   b - Throw Flame                    Conjuration/Fire             2
   c - Conjure Flame                  Conjuration/Fire             3
   d - Inner Flame                    Hexes/Fire                   3
   e - Sticky Flame                   Conjuration/Fire             4
   f - Fireball                       Conjuration/Fire             5
Comestibles
 f - 2 royal jellies
 g - 4 bread rations
 p - 2 meat rations


   Skills:
 + Level 1.0 Short Blades
 - Level 2.1 Dodging
 - Level 2.1 Stealth
 * Level 4.1 Spellcasting
 + Level 2.6 Conjurations
 * Level 5.9 Fire Magic
 + Level 0.9 Invocations


You had 3 spell levels left.
You knew the following spells:

 Your Spells              Type           Power        Failure   Level  Hunger
a - Flame Tongue          Conj/Fire      ####.        1%          1    None
b - Throw Flame           Conj/Fire      ####..       1%          2    #......
c - Conjure Flame         Conj/Fire      ####....     1%          3    ###....
e - Fireball              Conj/Fire      ####......   7%          5    ######.


Dungeon Overview and Level Annotations

Branches:
Dungeon (5/15)             Temple (1/1) D:4

Altars:
Ashenzari
Cheibriados
Dithmenos
Fedhas
Hepliaklqana
Kikubaaqudgha
Nemelex Xobeh
Okawaru
Ru
Sif Muna
Trog
Uskayaw
Wu Jian
Xom
Zin

Annotations:
D:3 edsrzf's ghost, amateur GnEE


Innate Abilities, Weirdness & Mutations

You are small and have problems with some larger weapons.
You are somewhat resistant to further mutation.


Message History

You hit Duvessa but do no damage.
Duvessa looks as sick as possible!
Duvessa is almost dead.
You flicker back into view.
You kill Duvessa!
Sif Muna accepts your kill.
Your Short Blades skill increases to level 1!
The shadow imp hits you.
* * * LOW HITPOINT WARNING * * *
You puncture the shadow imp!
The shadow imp is heavily wounded.
The shadow imp hits you but does no damage.
You hit the shadow imp but do no damage.
The shadow imp is poisoned.
The shadow imp is heavily wounded.
The shadow imp hits you.
* * * LOW HITPOINT WARNING * * *
You are near starving!
The shadow imp gestures at you. Pain shoots through your body!
You die...

._.§.......... ......
§#§#.###########...... .
#§§§#..###.....#......
....#§#....#......#..)...
...........'......#......
.....##.)..#......#......
..... #..5.#......'......
.... #....##.....#......
.... #.@..##.....#......
. +.....#......#......
##....#..<...#......
#....#).....#......
#+#####.#####...... #.
.#####


You could see a shadow imp.

Vanquished Creatures
  Sigmund (D:2)
  Duvessa (D:5)
  Dowan (D:5)
  2 hounds (D:4)
  An orc priest (D:4)
  An orc wizard (D:4)
  A bullfrog skeleton (D:3)
  An iguana (D:4)
  Jessica (D:3)
  Terence (D:3)
  A worker ant (D:4)
  A gnoll (D:1)
  An adder (D:4)
  An ooze (D:1)
  3 dart slugs
  4 leopard geckos
  11 orcs
  10 bats
  A giant cockroach (D:1)
  15 goblins
  9 hobgoblins
  10 jackals
  2 quokkas
  5 frilled lizards
  6 kobolds
  8 rats
99 creatures vanquished.

Notes
Turn   | Place    | Note
-------+----------+-------------------------------------------
     0 | D:1      | AlphabetPasta the Halfling Fire Elementalist began the quest for the Orb.
     0 | D:1      | Reached XP level 1. HP: 11/11 MP: 3/3
   314 | D:1      | Reached XP level 2. HP: 17/17 MP: 1/4
   318 | D:1      | Learned a level 2 spell: Throw Flame
   811 | D:1      | Reached XP level 3. HP: 21/21 MP: 0/6
   816 | D:1      | Learned a level 3 spell: Conjure Flame
  1517 | D:2      | Noticed Sigmund
  1888 | D:2      | Reached XP level 4. HP: 27/27 MP: 4/7
  2257 | D:2      | Reached skill level 1 in Conjurations
  2565 | D:2      | Killed Sigmund
  2565 | D:2      | Reached skill level 4 in Fire Magic
  2565 | D:2      | Reached XP level 5. HP: 23/31 MP: 1/9
  2565 | D:2      | Reached XP level 6. HP: 26/36 MP: 1/10
  2616 | D:2      | Learned a level 5 spell: Fireball
  3096 | D:3      | Noticed Terence
  3107 | D:3      | Killed Terence
  3107 | D:3      | Reached skill level 5 in Fire Magic
  3341 | D:3      | Noticed Jessica
  3346 | D:3      | Killed Jessica
  3347 | D:3      | Found a sacrificial altar of Ru.
  3539 | D:3      | Found an iron altar of Okawaru.
  3573 | D:3      | Noticed edsrzf's ghost (amateur GnEE)
  4014 | D:4      | Reached XP level 7. HP: 41/41 MP: 9/12
  4922 | D:4      | Found a staircase to the Ecumenical Temple.
  4931 | Temple   | Entered the Ecumenical Temple
  5017 | Temple   | Became a worshipper of Sif Muna the Loreminder
  5056 | D:5      | Entered Level 5 of the Dungeon
  5068 | D:5      | Found a shadowy altar of Dithmenos.
  5085 | D:5      | Noticed Duvessa
  5085 | D:5      | Noticed Dowan
  5088 | D:5      | Killed Dowan
  5114 | D:5      | Killed Duvessa
  5114 | D:5      | Reached skill level 1 in Short Blades
  5118 | D:5      | Killed from afar by a shadow imp

Vault maps used:
D:1:      eino_arrival_tree_alley
D:2:      minmay_diamond_boxcup, first_bread, supply_closet_lemuel, uniq_sigmund
D:3:      marbit_many_paths, old_standard_altar, uniq_terence, uniq_jessica
D:4:      minmay_temple_entry_fiery, minmay_misc_feat_room
D:5:      grunt_dithmenos_smoke_and_mirrors, serial_shops, nicolae_shop_stone,
          shop, grunt_ministairs_14, uniq_duvessa, uniq_pikel
Temple:   nicolae_temple_hex_pool

Skill      XL: |  1  2  3  4  5  6  7 |
---------------+----------------------+-----
Spellcasting   | 2 3 4 |  4.1
Conjurations   | 1 2 |  2.6
Fire Magic     | 4 5 |  5.9
Short Blades   | 1 |  1.0
Dodging        | |  2.1
Stealth        | |  2.1
Invocations    | |  0.9

Action                   |  1- 3 |  4- 6 |  7- 9 || total
-------------------------+-------+-------+-------++-------
Melee: Unarmed           |    15 |       |       ||    15
       Mace              |     6 |       |       ||     6
       Dagger            |       |    16 |    15 ||    31
 Cast: Flame Tongue      |    75 |    90 |    56 ||   221
       Throw Flame       |     1 |     6 |     1 ||     8
       Fireball          |       |       |     2 ||     2
  Use: Scroll            |     6 |     3 |     6 ||    15
       Potion            |       |     1 |     2 ||     3
 Stab: Sleeping          |     1 |     1 |       ||     2
       Invisible         |       |     1 |       ||     1
  Eat: Chunk             |     3 |     5 |     2 ||    10
       Bread ration      |     1 |       |       ||     1
Armor: Robe              |    10 |     6 |     7 ||    23
Dodge: Dodged            |    53 |    35 |    32 ||   120
